 Dungeon Crawl Stone Soup version 0.20.0-14-g326068f (webtiles) character file.

1797296 Ijustatesigmund the Victor of a Thousand Battles (level 27, 241/241 HPs)
             Began as a Hill Orc Fighter on June 6, 2017.
             Was the Champion of Okawaru.
             Escaped with the Orb
             ... and 3 runes on June 8, 2017!
             The game lasted 04:53:33 (70495 turns).

Ijustatesigmund (HOFi)                             Turns: 70495, Time: 04:53:34

Health: 241/241    AC: 32    Str: 23    XL:     27
Magic:  30/32      EV: 18    Int:  6    God:    Okawaru [******]
Gold:   3949       SH: 40    Dex: 14    Spells: 25/26 levels left

rFire    + + +     SeeInvis +   u - +6 broad axe (elec)
rCold    + . .     Gourm    .   x - +8 large shield {AC+3}
rNeg     . . .     Faith    .   o - +2 crystal plate armour of Impermeability {Regen+ Stlth+}
rPois    +         Spirit   .   r - +0 hat of Rymul {rF+}
rElec    .         Reflect  +   P - scarf {rC+ rF+}
rCorr    +         Harm     .   X - +1 pair of gloves of the Will of the Gods {rPois rCorr Int+2 SInv}
MR       ++...     Rnd*Tele +   b - +0 pair of boots of Complete Protection {Str+3}
Stlth    ..........             V - +6 amulet of reflection
Regen    0.9/turn               W - ring of protection from fire
MPRegen  0.3/turn               Z - +6 ring of evasion

@: no status effects
A: talons 1, large bone plates 1, blurry vision 2, clumsy 2, deformed body,
dopey 2, frail 1, low mp 2, sense surroundings 1, screaming 3, teleportitis 1,
weak 2, evolution 1, MP-powered wands
0: Orb of Zot
}: 3/15 runes: decaying, silver, gossamer
a: Heroism, Finesse, Renounce Religion


You escaped.
You worshipped Okawaru.
Okawaru was exalted by your worship.
You were completely stuffed.

You visited 9 branches of the dungeon, and saw 47 of its levels.
You visited the Abyss 3 times.
You visited 1 ziggurat, and saw 13 of its levels.
You also visited: Ossuary, Ice Cave and Wizlab.

You collected 6916 gold pieces.
You spent 2967 gold pieces at shops.

Inventory:

Hand Weapons
 a - a +5 war axe of flaming
 u - a +6 broad axe of electrocution (weapon)
Missiles
 v - 9 silver javelins
 D - 26 javelins of penetration (quivered)
Armour
 b - the +0 pair of boots of Complete Protection (worn) {Str+3}
   (You bought it in a shop on level 4 of the Vaults)

   It affects your strength (+3).
 g - the +0 cloak of Nobuno {rElec MR+ Str+6}
   (You found it on level 5 of a ziggurat)

   It affects your strength (+6).
   It insulates you from electricity.
   It affects your resistance to hostile enchantments.
 o - the +2 crystal plate armour of Impermeability (worn) {Regen+ Stlth+}
   (Okawaru gifted it to you on level 12 of a ziggurat)

   It increases your rate of regeneration.
   It makes you more stealthy.
 r - the +0 hat of Rymul (worn) {rF+}
   (You bought it in a shop on level 2 of the Orcish Mines)

   It protects you from fire.
 x - a +8 large shield of protection (worn)
 L - the +0 pair of gloves "Wagropn" {rF+ rN+ SInv Stlth-}
   (You found it on level 2 of the Vaults)

   It protects you from fire.
   It protects you from negative energy.
   It lets you see invisible.
   It makes you less stealthy.
 P - a scarf of resistance (worn)
 X - the +1 pair of gloves of the Will of the Gods (worn) {rPois rCorr Int+2 SInv}
   (You acquired it on level 6 of the Lair of Beasts)

   It affects your intelligence (+2).
   It protects you from poison.
   It lets you see invisible.
   It protects you from acid and corrosion.
Jewellery
 c - the ring of Zeklahyra {rN+ Int+4 Dex+3}
   (You found it in an ice cave)

   [ring of intelligence]

   It affects your intelligence (+4).
   It affects your dexterity (+3).
   It protects you from negative energy.
 h - an uncursed ring of protection from magic
 s - an uncursed amulet of regeneration
 y - the ring "Hiruluut" {rElec MR+ AC+2 Int+2 Dex+2}
   (You acquired it on level 3 of the Depths)

   [ring of protection]

   It affects your AC (+2).
   It affects your intelligence (+2).
   It affects your dexterity (+2).
   It insulates you from electricity.
   It affects your resistance to hostile enchantments.
 J - an uncursed ring of protection from cold
 V - a +6 amulet of reflection (around neck)
 W - a ring of protection from fire (left hand)
 Z - a +6 ring of evasion (right hand)
Wands
 i - a wand of iceblast (8/15)
 B - a wand of acid (12/15)
 F - a wand of lightning (14/15)
 G - a wand of digging (15/24)
Scrolls
 d - 4 scrolls of recharging
 e - 6 scrolls of immolation
 j - 5 scrolls of blinking
 n - a scroll of magic mapping
 w - 12 scrolls of teleportation
 z - 10 scrolls of fog
 E - 10 scrolls of fear
 K - 7 scrolls of remove curse
 N - a scroll of summoning
 U - a scroll of amnesia
 Y - a scroll of brand weapon
Potions
 l - a potion of agility
 m - 3 potions of haste
 p - 15 potions of curing
 q - 11 potions of flight
 t - 8 potions of ambrosia
 A - 7 potions of brilliance
 O - 4 potions of resistance
 Q - 2 potions of might
 S - 2 potions of invisibility
 T - 5 potions of cancellation
Comestibles
 f - 16 bread rations
 I - 18 meat rations


   Skills:
 + Level 25.9 Fighting
 + Level 24.2 Axes
 - Level 15.4 Throwing
 - Level 24.0 Armour
 - Level 14.5 Dodging
 - Level 15.1 Stealth
 - Level 17.8 Shields
 O Level 27 Invocations
 - Level 9.7 Evocations


You had 25 spell levels left.
You knew the following spells:

 Your Spells              Type           Power        Failure   Level  Hunger
a - Summon Butterflies    Summ           #.......     100%        1    ##.....


Dungeon Overview and Level Annotations

Branches:
Dungeon (15/15)            Temple (1/1) D:7            Lair (6/6) D:9
  Swamp (4/4) Lair:4       Spider (4/4) Lair:3        Slime (0/5) Lair:5
    Orc (2/2) D:11            Elf (0/3) Orc:2        Vaults (5/5) D:13
  Crypt (0/3) Vaults:2     Depths (5/5) D:15            Zot (5/5) Depths:5

Altars:
Ashenzari
Cheibriados
Dithmenos
Elyvilon
Fedhas
Gozag
Hepliaklqana
Kikubaaqudgha
Makhleb
Nemelex Xobeh
Okawaru
Qazlal
Ru
Sif Muna
Trog
Uskayaw
Vehumet
Xom
Yredelemnul
Zin
The Shining One
Beogh

Shops:
D:12 !   D:13 *   Orc:2 *[:(   Vaults:4 }!!%[

Portals:
Hell: Depths:1 Depths:2 Depths:3 Depths:4 Depths:5
Abyss: Depths:2 Depths:4
Pandemonium: Depths:3
Trove: Vaults:4 (show slimy rune of Zot)

Annotations:
D:5 Prince Ribbit
Depths:4 1 runed door


Innate Abilities, Weirdness & Mutations

You have sharp toenails.
You are partially covered in large bone plates. (SH +4)
Scrolls take you longer to read.
You are very clumsy. (Dex -4)
Armour fits poorly on your strangely shaped body.
You are very dopey. (Int -4)
You are frail. (-10% HP)
Your magical capacity is very low. (-20% MP)
You passively map a small area around you.
You frequently scream uncontrollably at your foes.
You are occasionally teleported next to monsters.
You are very weak. (Str -4)
You evolve.
You expend magic power (3 MP) to strengthen your wands.


Message History

There is a stone staircase leading up here.
You climb upwards.
There is a stone staircase leading down here.
Evoke which item? (* to show all) (? for menu, Esc to quit)
Aiming: Dig
Press: ? - help, Shift-Dir - straight line The rock shatters into small pieces.
This wand has 16 charges left.
There is an escape hatch in the ceiling here.
A mysterious force pulls you upwards. The hatch slams shut behind you.
Saving game... please wait.
Welcome back, Ijustatesigmund the Hill Orc Fighter.
Okawaru says: Bring me glory in combat!
Press ? for a list of commands and other information.
You see here a leather armour.
Evoke which item? (* to show all) (? for menu, Esc to quit)
Aiming: Dig
Press: ? - help, Shift-Dir - straight line The rock shatters into small pieces.
This wand has 15 charges left.
There is a staircase leading out of the dungeon here.
You have escaped!

#.###....### #.# ####
## ###........## #.#
#... .#
##..........## #.#
##.## .#
#............# #.#
#...#
†####............##
#.# #)..#
[..#.....####.....##
#.###..)# ..##...###
###....######..((....
...#..##
###................
...#...###
###.@.#####..........
...#.....####.....#
#.#####....
..###.............#
#.# #...# ..#
#.............# #.#
#...# .##
##..........#.# #.#
#..## .#
##........##.#####.#
#.... .#
###....####....##.#
#.### .#
######.......##.#
#.##. .# #######.##.#
#.##.


There were no monsters in sight!

Vanquished Creatures
  9 orbs of fire
  The ghost of xgamer67 the Slayer, a master CeHu of Okawaru (Zot:4)
  3 ancient liches
  4 juggernauts
  Sojobo (Depths:1)
  5 pandemonium lords
  The ghost of tof the Minotaur Blade, a veteran MiFi of Okawaru (Depths:3)
  9 Killer Klowns
  4 curse toes
  10 golden dragons
  Arachne (Spider:2)
  A pearl dragon (Zig:9)
  2 electric golems (Zot:5)
  Jorgrun (Swamp:3)
  27 tentacled monstrosities
  11 liches
  The ghost of Yermak the Executioner, an adept DDGl of Makhleb (Vaults:5)
  8 titans
  25 Orb Guardians
  7 quicksilver dragons
  An acid blob (Zig:8)
  2 tentacled starspawn (Abyss:3)
  An eldritch tentacle (Zig:3)
  5 sphinxes
  An Executioner (Abyss:4)
  12 death cobs
  A sphinx (shapeshifter) (Zig:12)
  An azure jelly (shapeshifter) (Zig:12)
  Roxanne (Spider:4)
  10 shadow dragons
  4 nagarajas (Zig:11)
  4 thorn hunters
  A shadow dragon (shapeshifter) (Zig:12)
  3 azure jellies (Zig:8)
  11 storm dragons
  11 tengu reavers
  10 draconian monks
  The ghost of xgamer67 the Brawler, a journeyman TrBe of Trog (Spider:4)
  11 fire giants
  2 iron dragons
  9 ghost moths
  11 draconian knights
  Louise (Spider:2)
  13 frost giants
  3 deep elf sorcerers
  Aizul (Spider:4)
  A curse skull (Vaults:3)
  7 emperor scorpions
  11 vault wardens
  2 orc warlords
  4 draconian scorchers
  3 deep elf elementalists
  A spriggan defender (Depths:4)
  2 draconian annihilators
  5 entropy weavers
  11 draconian shifters
  The ghost of Typee the Grappler, a journeyman DrTm of Cheibriados (Lair:5)
  21 stone giants
  2 angels (Zig:9)
  24 ironheart preservers
  6 draconian stormcallers
  A corrupter (Zig:3)
  18 very ugly things
  3 ophanim (Zig:9)
  A vampire knight (Depths:5)
  2 lorocyprocas
  5 deep elf demonologists
  20 white draconians
  2 apis (Zig:9)
  15 green draconians
  15 black draconians
  2 dire elephants (shapeshifter) (Zig:12)
  2 orange crystal statues
  12 red draconians
  10 purple draconians
  15 spark wasps
  12 yellow draconians
  2 deep elf death magi
  16 ettins
  19 fire dragons
  3 mummy priests (Zig:13)
  An eidolon (Vaults:2)
  5 jiangshi
  A death ooze (Zig:8)
  17 yaktaur captains
  3 deep elf high priests
  33 vault guards
  12 great orbs of eyes
  18 ice dragons
  Harold (Lair:4)
  3 spriggan air magi
  4 rakshasas
  A caustic shrike simulacrum (Depths:4)
  16 hydras
  A naga warrior (Zig:11)
  2 hell beasts
  10 centaur warriors
  3 catoblepae (Lair:6)
  2 ghost crabs
  Erica (D:9)
  An anaconda (Zig:11)
  21 ogre magi
  64 two-headed ogres
  2 dancing weapons (D:13)
  2 alligators
  7 death yaks
  A death knight (D:13)
  19 deep troll shamans
  19 deep troll earth magi
  8 tengu warriors
  A death scarab (Zig:13)
  2 orc high priests
  2 naga sharpshooters (Zig:11)
  Urug (Lair:5)
  4 vampire magi
  A shock serpent (shapeshifter) (Depths:3)
  A shock serpent (Zig:11)
  5 thrashing horrors
  2 soul eaters
  7 spriggan berserkers
  Nergalle (D:10)
  6 deep elf knights
  4 sun demons
  12 hell knights
  4 wretched stars
  A shadow wraith (Vaults:4)
  3 fire crabs
  16 iron trolls
  A sixfirhy (Abyss:2)
  3 cherubim (Zig:9)
  63 deep trolls
  6 skeletal warriors
  8 wizards
  2 lindwurms (Swamp:4)
  A deep elf archer (Vaults:2)
  5 swamp dragons
  4 unseen horrors
  6 flayed ghosts
  4 spriggan druids
  2 shambling mangroves
  6 glowing orange brains
  2 naga ritualists (Zig:11)
  10 necromancers
  14 ironbrand convokers
  19 orc knights
  36 wolf spiders
  10 phantasmal warriors
  15 harpies
  13 orb spiders
  An iron dragon zombie (Depths:4)
  12 deep elf magi
  55 ugly things
  7 cyclopes
  A wolf spider (shapeshifter) (Depths:3)
  A shining eye (Zig:8)
  A mana viper (shapeshifter) (Vaults:2)
  14 orc sorcerers
  3 oklob plants
  2 tengu skeletons
  2 mana vipers (Zig:11)
  A moth of wrath (shapeshifter) (Vaults:2)
  25 moths of wrath
  4 manticores
  6 centaur zombies
  2 fire giant skeletons
  3 naga magi (Zig:11)
  4 rust devils
  10 black mambas
  2 apocalypse crabs (Abyss:3)
  15 vault sentinels
  Joseph (D:8)
  2 black mambas (shapeshifter)
  2 ice statues (IceCv)
  2 guardian serpents (Zig:11)
  3 torpor snails
  A molten gargoyle (Swamp:4)
  12 spiny frogs
  A gargoyle (D:13)
  A spiny frog (shapeshifter) (Vaults:2)
  A centaur skeleton (D:13)
  7 smoke demons
  A kobold demonologist (D:10)
  3 rime drakes
  31 yaktaurs
  8 freezing wraiths
  2 efreet
  3 red devils
  A golden dragon simulacrum (Depths:4)
  A hellwing (Abyss:2)
  6 komodo dragons
  3 ice devils
  A komodo dragon (shapeshifter) (D:15)
  15 demonic crawlers
  5 tengu conjurers
  A yaktaur (shapeshifter) (Vaults:2)
  7 ancient zymes
  4 polar bears
  5 guardian mummies (Zig:13)
  28 jumping spiders
  26 hornets
  19 trolls
  A tyrant leech (Swamp:3)
  A jumping spider (shapeshifter) (Depths:3)
  A hornet (shapeshifter) (Vaults:3)
  A wind drake (shapeshifter) (Vaults:3)
  20 blink frogs
  An ettin zombie (Vaults:5)
  2 bog bodies
  50 slime creatures
  4 dream sheep (Lair:4)
  11 hippogriffs
  23 raiju
  A hippogriff (shapeshifter) (Depths:1)
  A human simulacrum (Vaults:2)
  A snapping turtle (shapeshifter) (Depths:3)
  4 centaur simulacra
  2 flying skulls
  A ynoxinul (Zig:3)
  A yak (shapeshifter) (Depths:2)
  90 redbacks
  5 air elementals (Depths:5)
  18 starcursed masses
  A tarantella (shapeshifter) (Vaults:4)
  36 tarantellas
  3 wyverns
  3 shadows
  A vampire (D:14)
  18 spriggans
  4 wraiths
  2 water elementals (D:14)
  2 fire elementals
  4 fire bats (Abyss:2)
  5 neqoxecs
  A golden eye (Zig:8)
  2 golden eyes (shapeshifter)
  2 basilisks (Lair:2)
  A basilisk (shapeshifter) (Vaults:3)
  62 yaks
  2 hungry ghosts
  3 steam dragons
  Eustachio (D:5)
  The ghost of poirepourri the Poker, an amateur MfSk (Ossuary)
  An elf skeleton (Depths:4)
  2 chaos spawn
  9 insubstantial wisps (Swamp:3)
  4 vampire mosquitoes
  Menkaure (D:4)
  15 swamp worms
  11 wargs
  A naga (Zig:11)
  A soldier ant (D:13)
  5 acid dragons
  Duvessa (D:5)
  68 orc warriors
  8 water moccasins
  A floating eye (Depths:4)
  6 hell hounds
  12 porcupines
  11 swamp drakes
  2 phantoms
  5 eyes of draining
  An elf zombie (Vaults:5)
  2 sky beasts
  4 black bears
  11 large abominations
  A black bear (shapeshifter) (Depths:4)
  21 ice beasts
  5 boggarts (Depths:4)
  A sky beast (shapeshifter) (Depths:5)
  53 ogres
  5 wolves
  17 centaurs
  19 crocodiles
  An elf simulacrum (Depths:2)
  6 big kobolds
  4 human zombies
  A gnoll sergeant (Orc:1)
  27 bullfrogs
  11 small abominations
  An earth elemental (Orc:2)
  Dowan (D:5)
  4 scorpions
  2 wyvern skeletons
  10 killer bees
  15 wights
  4 electric eels
  A lava snake (Swamp:4)
  10 crimson imps
  4 howler monkeys
  2 quasits
  6 hounds
  12 jellies
  A yaktaur simulacrum (Vaults:1)
  A bullfrog skeleton (D:11)
  26 orc priests
  30 orc wizards
  4 iguanas
  Terence (D:3)
  15 worker ants
  A hound skeleton (D:9)
  10 mummies
  Robin (D:3)
  2 worker ant zombies
  12 gnolls
  10 adders
  7 shadow imps
  5 white imps
  4 ufetubi
  8 oozes
  3 adder skeletons
  An adder zombie (D:9)
  4 worms
  2 dart slugs
  5 leopard geckos
  127 orcs
  3 ball pythons
  3 giant cockroaches
  15 goblins
  5 hobgoblins
  6 jackals
  38 kobolds
  3 quokkas
  A ball python skeleton (Ossuary)
  15 bats
  7 frilled lizards
  A hobgoblin zombie (Ossuary)
  A jackal zombie (D:9)
  3 kobold zombies
  4 orc skeletons (Ossuary)
  An orc zombie (Ossuary)
  A quokka skeleton (D:9)
  5 rats
  21 briar patches
  2 crawling corpses (Depths:1)
  8 fungi
  A plant (Lair:5)
  5 starspawn tentacles (Abyss:3)
  A toadstool (Swamp:2)
2742 creatures vanquished.

Vanquished Creatures (others)
  A fire giant (Depths:3)
  2 vault wardens (Vaults:5)
  An apis (Zig:9)
  An ironheart preserver (Vaults:4)
  A stone giant (Depths:5)
  A yellow draconian (Abyss:3)
  10 yaktaur captains
  An ice dragon (Depths:4)
  3 centaur warriors
  A tengu warrior (Depths:4)
  A deep troll shaman (Depths:2)
  A deep troll (Vaults:4)
  A deep elf mage (Vaults:4)
  3 deep elf archers (Vaults:2)
  A swamp dragon (Swamp:4)
  A kobold demonologist (D:10)
  9 yaktaurs
  2 hornets (Swamp:3)
  3 spriggans (Swamp:3)
  A water elemental (Depths:1)
  A steam dragon (Swamp:4)
  A swamp worm (Swamp:4)
  3 swamp drakes (Swamp:4)
  2 floating eyes (Depths:5)
  5 centaurs
  3 small abominations
  A jelly (Abyss:4)
  An orc wizard (Vaults:2)
  An orc (Orc:2)
  A crawling corpse (Depths:1)
  38 fungi
  24 plants
  2 starspawn tentacles (Abyss:3)
  5 toadstools (Swamp:2)
133 creatures vanquished.

Grand Total: 2875 creatures vanquished

Notes
Turn   | Place    | Note
-------+----------+-------------------------------------------
     0 | D:1      | Ijustatesigmund the Hill Orc Fighter began the quest for the Orb.
     0 | D:1      | Reached XP level 1. HP: 19/19 MP: 1/1
    93 | D:1      | Reached XP level 2. HP: 27/27 MP: 2/2
   763 | D:2      | Reached XP level 3. HP: 27/34 MP: 3/3
  1315 | D:2      | Reached XP level 4. HP: 41/41 MP: 4/4
  1429 | D:2      | Reached skill level 5 in Fighting
  1563 | D:3      | Reached skill level 5 in Axes
  1563 | D:3      | Reached XP level 5. HP: 47/48 MP: 3/5
  1636 | D:2      | Reached XP level 6. HP: 23/57 MP: 2/6
  1987 | D:3      | Noticed Terence
  1998 | D:3      | Killed Terence
  2036 | D:3      | Found a sparkling altar of Nemelex Xobeh.
  2106 | D:3      | Noticed Robin
  2116 | D:3      | Killed Robin
  2261 | D:4      | Noticed Menkaure
  2270 | D:3      | Reached XP level 7. HP: 63/66 MP: 7/7
  2295 | D:4      | Killed Menkaure
  2706 | D:4      | Found Donu's Weapon Emporium.
  2996 | D:5      | Entered Level 5 of the Dungeon
  3064 | D:5      | Noticed Eustachio
  3079 | D:5      | Killed Eustachio
  3079 | D:5      | Reached skill level 1 in Dodging
  3079 | D:5      | Reached XP level 8. HP: 64/74 MP: 6/8
  3117 | D:5      | Noticed Prince Ribbit
  3159 | D:5      | Found a transporter.
  3184 | D:5      | Found a transporter.
  3399 | D:5      | Noticed Duvessa
  3399 | D:5      | Noticed Dowan
  3406 | D:5      | Killed Duvessa
  3408 | D:5      | Killed Dowan
  3430 | D:5      | Found a sand-covered staircase.
  3438 | Ossuary  | Entered an ossuary
  3536 | Ossuary  | Noticed poirepourri's ghost (amateur MfSk)
  3553 | Ossuary  | Killed poirepourri's ghost
  3575 | Ossuary  | Noticed a flying skull
  3575 | Ossuary  | Noticed a wraith
  3582 | Ossuary  | Noticed a flying skull
  3586 | Ossuary  | Noticed a flying skull
  3610 | Ossuary  | Noticed a flying skull
  3657 | Ossuary  | Noticed a wraith
  3666 | Ossuary  | Killed a wraith
  3666 | Ossuary  | Reached skill level 5 in Armour
  3700 | Ossuary  | Noticed a wraith
  3726 | Ossuary  | Gained mutation: You have sharp toenails. [potion of mutation]
  3726 | Ossuary  | Gained mutation: You passively map a small area around you. [potion of mutation]
  3726 | Ossuary  | Gained mutation: You have an increased reservoir of magic. (+10% MP) [potion of mutation]
  3726 | Ossuary  | Gained mutation: You are partially covered in large bone plates. (SH +4) [potion of mutation]
  3731 | Ossuary  | Killed a wraith
  3731 | Ossuary  | Reached skill level 5 in Shields
  4009 | Ossuary  | Reached XP level 9. HP: 82/82 MP: 9/9
  4374 | D:6      | Found a shadowy altar of Dithmenos.
  4405 | D:6      | Noticed a troll
  4427 | D:6      | Killed a troll
  4929 | D:6      | Found a shadowy altar of Dithmenos.
  5077 | D:6      | Found a burning altar of Makhleb.
  5213 | D:6      | Reached skill level 10 in Axes
  5570 | D:7      | Found a blossoming altar of Fedhas.
  5572 | D:7      | Found a shimmering altar of Xom.
  5572 | D:7      | Found a radiant altar of Vehumet.
  5574 | D:7      | Found a sacrificial altar of Ru.
  5574 | D:7      | Found a hazy altar of Hepliaklqana.
  5574 | D:7      | Found a shimmering altar of Xom.
  5750 | D:7      | Found a staircase to the Ecumenical Temple.
  5770 | Temple   | Entered the Ecumenical Temple
  5818 | Temple   | Became a worshipper of Warmaster Okawaru
  6161 | D:7      | Reached skill level 1 in Invocations
  6492 | D:8      | Reached skill level 2 in Invocations
  6492 | D:8      | Reached XP level 10. HP: 75/91 MP: 9/12
  6798 | D:8      | Noticed a two-headed ogre
  6804 | D:8      | Killed a two-headed ogre
  6804 | D:8      | Reached * piety under Okawaru
  6804 | D:8      | Reached skill level 3 in Invocations
  6809 | D:8      | Reached skill level 4 in Invocations
  7180 | D:8      | Noticed Joseph
  7198 | D:8      | Killed Joseph
  7198 | D:8      | Reached ** piety under Okawaru
  7198 | D:8      | Reached skill level 5 in Dodging
  7198 | D:8      | Reached skill level 5 in Invocations
  7522 | D:8      | Found a deep blue altar of Sif Muna.
  7620 | D:9      | Reached skill level 6 in Invocations
  7783 | D:9      | Reached XP level 11. HP: 41/97 MP: 13/17
  8030 | D:9      | Reached *** piety under Okawaru
  8068 | D:9      | Reached skill level 7 in Invocations
  8110 | D:9      | Noticed a two-headed ogre
  8114 | D:9      | Noticed Erica
  8126 | D:9      | Killed a two-headed ogre
  8126 | D:9      | Received a gift from Okawaru
  8148 | D:9      | Killed Erica
  8148 | D:9      | Reached skill level 8 in Invocations
  8434 | D:9      | Found a staircase to the Lair.
  8599 | D:9      | Reached **** piety under Okawaru
  8716 | D:9      | Reached skill level 10 in Armour
  8732 | D:9      | Identified the Collected Works on Lethal Confrontation
  8758 | D:9      | Killed an unseen horror
  8758 | D:9      | Reached skill level 9 in Invocations
  9125 | D:9      | Found a roughly hewn altar of Beogh.
  9320 | D:10     | Entered Level 10 of the Dungeon
  9413 | D:10     | Reached ***** piety under Okawaru
  9514 | D:10     | Noticed Nergalle
  9534 | D:10     | Killed Nergalle
  9534 | D:10     | Reached skill level 10 in Fighting
  9534 | D:10     | Reached XP level 12. HP: 106/106 MP: 19/21
  9542 | D:10     | Received a gift from Okawaru
  9603 | D:10     | Reached skill level 10 in Invocations
 10726 | D:11     | Noticed a two-headed ogre
 10741 | D:11     | Killed a two-headed ogre
 11075 | D:11     | Found a staircase to the Orcish Mines.
 11307 | Orc:1    | Entered Level 1 of the Orcish Mines
 11414 | Orc:1    | Paralysed by an orc sorcerer for 3 turns
 11957 | D:11     | Found a blossoming altar of Fedhas.
 12115 | D:11     | Noticed a two-headed ogre
 12131 | D:11     | Killed a two-headed ogre
 12131 | D:11     | Reached skill level 11 in Invocations
 12769 | D:12     | Noticed a two-headed ogre
 12782 | D:12     | Killed a two-headed ogre
 13531 | D:12     | Reached skill level 12 in Invocations
 13531 | D:12     | Reached XP level 13. HP: 104/118 MP: 19/24
 13883 | D:12     | Found Xot Fenk's Distillery.
 13888 | D:12     | Bought 2 potions of curing for 78 gold pieces
 13888 | D:12     | Bought a potion of heal wounds for 65 gold pieces
 14062 | D:13     | Found a frozen archway.
 14094 | D:13     | Reached skill level 1 in Throwing
 14100 | IceCv    | Entered an ice cave
 14253 | IceCv    | Noticed an ice dragon
 14254 | IceCv    | Noticed an ice dragon
 14283 | IceCv    | Killed an ice dragon
 14286 | IceCv    | Killed an ice dragon
 14341 | IceCv    | Got a crude glass ring
 14347 | IceCv    | Identified the ring of Zeklahyra {rN+ Int+4 Dex+3} (You found it in an ice cave)
 14725 | D:13     | Received a gift from Okawaru
 14760 | D:13     | Found a gate to the Vaults.
 14791 | D:13     | Got a heavily jewelled robe {god gift}
 15268 | D:13     | Found Cahim's General Store.
 15280 | D:13     | Bought the +10 plate armour "Otaddeno" {Int-3 Dex+4 SInv} for 1035 gold pieces
 15290 | D:13     | Identified the +0 robe of Kindness {Int+3} (Okawaru gifted it to you on level 13 of the Dungeon)
 15729 | D:13     | Reached XP level 14. HP: 127/127 MP: 23/25
 16310 | D:14     | Received a gift from Okawaru
 16725 | D:14     | Received a gift from Okawaru
 16881 | D:15     | Entered Level 15 of the Dungeon
 17052 | D:15     | Reached ****** piety under Okawaru
 17161 | D:15     | Found a snail-covered altar of Cheibriados.
 17441 | D:15     | Found a staircase to the Depths.
 18111 | Lair:1   | Entered Level 1 of the Lair of Beasts
 18869 | Lair:2   | Reached skill level 10 in Shields
 19294 | Lair:2   | Received a gift from Okawaru
 19805 | Lair:3   | Reached XP level 15. HP: 127/134 MP: 24/26
 20180 | Lair:3   | Found a hole to the Spider Nest.
 20183 | Lair:3   | Received a gift from Okawaru
 20662 | Lair:4   | Noticed Harold
 20684 | Lair:4   | Killed Harold
 20721 | Lair:4   | Found a staircase to the Swamp.
 21626 | Lair:5   | Noticed Typee's ghost (journeyman DrTm)
 21646 | Lair:5   | Killed Typee's ghost
 21646 | Lair:5   | Received a gift from Okawaru
 21684 | Lair:5   | Noticed Urug
 21701 | Lair:5   | Killed Urug
 22031 | Lair:5   | Found a staircase to the Slime Pits.
 22169 | Lair:6   | Entered Level 6 of the Lair of Beasts
 23285 | Lair:6   | Identified a scroll of acquirement
 23297 | Lair:6   | Got a pair of fine gloves
 23303 | Lair:6   | Identified the +1 pair of gloves of the Will of the Gods {rPois rCorr Int+2 SInv} (You acquired it on level 6 of the Lair of Beasts)
 23545 | Lair:1   | Learned a level 1 spell: Summon Butterflies
 23686 | Orc:1    | Paralysed by an orc sorcerer for 3 turns
 23734 | Orc:1    | Received a gift from Okawaru
 24076 | Orc:2    | Entered Level 2 of the Orcish Mines
 24085 | Orc:2    | Noticed an orc warlord
 24133 | Orc:1    | Killed an orc warlord
 24133 | Orc:1    | Reached skill level 15 in Axes
 24167 | Orc:1    | Reached XP level 16. HP: 147/147 MP: 27/27
 24342 | Orc:2    | Found Akleodonwo's Antique Armour Shop.
 24346 | Orc:2    | Found a staircase to the Elven Halls.
 24348 | Orc:2    | Found Epinwaib's Antique Weapon Boutique.
 24387 | Orc:2    | Received a gift from Okawaru
 24528 | Orc:2    | Bought a slimy hat for 333 gold pieces
 24538 | Orc:2    | Identified the +0 hat of Rymul {rF+} (You bought it in a shop on level 2 of the Orcish Mines)
 24736 | Orc:2    | Found Minubant's Book Boutique.
 24831 | Orc:2    | Paralysed by an orc sorcerer for 5 turns
 24844 | Orc:2    | Found Canujo's General Store.
 25417 | Orc:2    | Bought a jasper-encrusted scale mail for 333 gold pieces
 25427 | Orc:2    | Identified the cursed +0 scale mail of Bioxedae {rC+} (You bought it in a shop on level 2 of the Orcish Mines)
 25467 | Orc:2    | Bought a scroll of enchant weapon for 90 gold pieces
 25467 | Orc:2    | Bought 2 potions of curing for 72 gold pieces
 25746 | Depths:1 | Entered Level 1 of the Depths
 26630 | Orc:2    | Bought a runed large shield for 277 gold pieces
 26843 | Spider:1 | Entered Level 1 of the Spider Nest
 26926 | Spider:1 | Reached skill level 15 in Fighting
 27333 | Spider:1 | Reached skill level 13 in Invocations
 27812 | Spider:2 | Noticed Arachne
 27827 | Spider:2 | Killed Arachne
 27936 | Spider:2 | Noticed Louise
 27974 | Spider:2 | Killed Louise
 27974 | Spider:2 | Received a gift from Okawaru
 28882 | Spider:2 | Reached XP level 17. HP: 119/156 MP: 28/30
 29304 | Spider:4 | Entered Level 4 of the Spider Nest
 29328 | Spider:3 | Reached skill level 14 in Invocations
 30597 | Spider:4 | Noticed Aizul
 30621 | Spider:4 | Killed Aizul
 31000 | Spider:4 | Noticed Roxanne
 31026 | Spider:4 | Reached skill level 15 in Shields
 31032 | Spider:4 | Received a gift from Okawaru
 31068 | Spider:4 | Killed Roxanne
 31103 | Spider:4 | Identified Roxanne's Catalogue of the Rocks (You took it off Roxanne on level 4 of the Spider Nest)
 31859 | Spider:4 | Reached skill level 15 in Invocations
 32452 | Spider:4 | Got a gossamer rune of Zot
 32843 | Spider:4 | Received a gift from Okawaru
 32848 | Spider:4 | Reached skill level 5 in Throwing
 32997 | Spider:4 | Reached XP level 18. HP: 143/168 MP: 0/32
 33047 | Spider:4 | Noticed xgamer67's ghost (journeyman TrBe)
 33092 | Spider:4 | Killed xgamer67's ghost
 33572 | Vaults:1 | Entered Level 1 of the Vaults
 33826 | Vaults:1 | Got a transparent halberd
 33845 | Vaults:1 | Reached skill level 16 in Invocations
 33892 | Vaults:1 | Received a gift from Okawaru
 33894 | Vaults:1 | Paralysed by a great orb of eyes for 4 turns
 34202 | Vaults:1 | Identified the cursed +1 halberd of Courage {chop, rF+ Str+3} (You found it on level 1 of the Vaults)
 34376 | Vaults:1 | Paralysed by an orc sorcerer for 5 turns
 35142 | Vaults:2 | Paralysed by a wizard for 3 turns
 35764 | Vaults:2 | Received a gift from Okawaru
 35764 | Vaults:2 | Reached skill level 17 in Invocations
 36098 | Vaults:2 | Received a gift from Okawaru
 36120 | Vaults:2 | Identified the cursed +0 pair of gloves "Wagropn" {rF+ rN+ SInv Stlth-} (You found it on level 2 of the Vaults)
 36202 | Vaults:2 | Paralysed by a sphinx for 2 turns
 36213 | Vaults:2 | Received a gift from Okawaru
 36216 | Vaults:2 | Reached XP level 19. HP: 125/174 MP: 35/35
 36410 | Vaults:2 | Received a gift from Okawaru
 36512 | Vaults:2 | Reached skill level 18 in Invocations
 36539 | Vaults:2 | Reached skill level 10 in Dodging
 37022 | Vaults:2 | Reached skill level 19 in Invocations
 37338 | Vaults:2 | Found a staircase to the Crypt.
 37802 | Vaults:3 | Received a gift from Okawaru
 37818 | Vaults:3 | Got a steaming broad axe {god gift}
 37819 | Vaults:3 | Identified the +3 broad axe "Jin Bera" {chop, Fragile rC++} (Okawaru gifted it to you on level 3 of the Vaults)
 38556 | Vaults:3 | Received a gift from Okawaru
 38581 | Vaults:3 | Reached XP level 20. HP: 174/183 MP: 37/37
 38584 | Vaults:3 | Got an iridescent hand axe {god gift}
 38585 | Vaults:3 | Identified the +9 hand axe of Gallantry {chop, rC+ Str+2} (Okawaru gifted it to you on level 3 of the Vaults)
 39223 | Vaults:4 | Reached skill level 20 in Invocations
 39229 | Vaults:4 | Cast into level 3 of the Abyss (a deep elf demonologist)
 39399 | Abyss:3  | Noticed a profane servitor
 39636 | Abyss:3  | Gained mutation: You expend magic power (3 MP) to strengthen your wands. [a neqoxec]
 39724 | Abyss:3  | Received a gift from Okawaru
 39741 | Vaults:4 | Escaped the Abyss
 40076 | Vaults:4 | Received a gift from Okawaru
 40899 | Vaults:4 | Found Ycew's Distillery.
 40902 | Vaults:4 | Bought a potion of heal wounds for 105 gold pieces
 40902 | Vaults:4 | Bought a potion of curing for 63 gold pieces
 40902 | Vaults:4 | Bought a potion of heal wounds for 105 gold pieces
 40902 | Vaults:4 | Bought a potion of curing for 63 gold pieces
 40902 | Vaults:4 | Bought a potion of curing for 63 gold pieces
 40902 | Vaults:4 | Found Nypa's Distillery.
 40907 | Vaults:4 | Found Obliveso's Food Boutique.
 40980 | Vaults:4 | Found Caohepi's Antique Armour Boutique.
 40985 | Vaults:4 | Bought a pair of warped boots for 285 gold pieces
 40999 | Vaults:4 | Identified the +0 pair of boots of Complete Protection {Str+3} (You bought it in a shop on level 4 of the Vaults)
 41064 | Vaults:4 | Found Nunyliurgh's Gadget Emporium.
 41072 | Vaults:4 | Reached skill level 21 in Invocations
 41072 | Vaults:4 | Reached XP level 21. HP: 187/195 MP: 39/39
 41221 | Vaults:4 | Found a radiant altar of Vehumet.
 41298 | Vaults:4 | Found a portal to a secret trove of treasure.
 41453 | Vaults:5 | Entered Level 5 of the Vaults
 41458 | Vaults:5 | Reached skill level 15 in Armour
 41463 | Vaults:5 | Received a gift from Okawaru
 41885 | Vaults:5 | Noticed Yermak's ghost (adept DDGl)
 42252 | Vaults:5 | Received a gift from Okawaru
 42429 | Vaults:4 | Received a gift from Okawaru
 43374 | Vaults:5 | Reached XP level 22. HP: 105/203 MP: 40/40
 43683 | Vaults:5 | Received a gift from Okawaru
 43686 | Vaults:5 | Got a steaming hand axe {god gift}
 43768 | Vaults:5 | Identified the +6 hand axe of Modesty {flame, Dex+3 Stlth+} (Okawaru gifted it to you on level 5 of the Vaults)
 44113 | Vaults:5 | Noticed an ancient lich
 44124 | Vaults:5 | Killed an ancient lich
 44461 | Vaults:5 | Received a gift from Okawaru
 44621 | Vaults:4 | Cast into level 2 of the Abyss (a deep elf demonologist)
 44674 | Abyss:2  | Paralysed by accursed screaming for 1 turns
 44682 | Abyss:2  | Found a corrupted altar of Lugonu.
 44820 | Abyss:2  | Found a corrupted altar of Lugonu.
 44886 | Abyss:2  | Reached skill level 1 in Evocations
 44974 | Abyss:2  | Reached skill level 1 in Stealth
 45306 | Vaults:4 | Escaped the Abyss
 45538 | Vaults:4 | Received a gift from Okawaru
 45580 | Vaults:5 | Received a gift from Okawaru
 45585 | Vaults:5 | Reached skill level 5 in Evocations
 45622 | Vaults:4 | Reached skill level 5 in Stealth
 45945 | Vaults:4 | Cast into level 4 of the Abyss (a lich)
 46068 | Abyss:4  | Found a corrupted altar of Lugonu.
 46173 | Abyss:4  | Paralysed by accursed screaming for 1 turns
 46230 | Abyss:4  | Received a gift from Okawaru
 46230 | Abyss:4  | Reached XP level 23. HP: 120/213 MP: 39/41
 46270 | Abyss:4  | Received a gift from Okawaru
 46346 | Vaults:4 | Escaped the Abyss
 46354 | Vaults:4 | Received a gift from Okawaru
 46766 | Vaults:5 | Killed Yermak's ghost
 46766 | Vaults:5 | Received a gift from Okawaru
 47116 | Vaults:5 | Identified the Handbook of Mutagenic Creation
 47298 | Vaults:5 | Identified the +2 pair of gloves of Mecuyti {Str+4 Int+2} (You found it on level 5 of the Vaults)
 47949 | Vaults:5 | Got a silver rune of Zot
 47998 | Vaults:5 | Identified the Papyrus of Limitation
 48451 | Swamp:1  | Entered Level 1 of the Swamp
 49085 | Swamp:2  | Reached skill level 10 in Stealth
 49731 | Swamp:3  | Noticed Jorgrun
 50126 | Swamp:3  | Received a gift from Okawaru
 50709 | Swamp:3  | Killed Jorgrun
 50875 | Swamp:4  | Entered Level 4 of the Swamp
 51180 | Swamp:3  | Received a gift from Okawaru
 51183 | Swamp:3  | Identified the +6 scale mail "Oliem" {rElec Str+3} (Okawaru gifted it to you on level 3 of the Swamp)
 51823 | Swamp:4  | Got a decaying rune of Zot
 51898 | Swamp:4  | Reached XP level 24. HP: 180/221 MP: 41/41
 52664 | Depths:1 | Paralysed by a great orb of eyes for 4 turns
 52920 | Depths:1 | Found a gateway to Hell.
 53432 | Depths:1 | Reached skill level 15 in Stealth
 53962 | Depths:1 | Received a gift from Okawaru
 54000 | Depths:1 | Reached skill level 10 in Throwing
 54304 | Depths:1 | Noticed Sojobo
 54334 | Depths:1 | Killed Sojobo
 54786 | Depths:1 | Reached XP level 25. HP: 158/231 MP: 41/41
 55001 | Depths:2 | Found a shimmering altar of Xom.
 55004 | Depths:2 | Found a one-way gate to the infinite horrors of the Abyss.
 55156 | Depths:2 | Received a gift from Okawaru
 55287 | Depths:2 | Identified the +5 chain mail of Itua {rN++ rCorr Slay-6} (You found it on level 2 of the Depths)
 55334 | Depths:2 | Received a gift from Okawaru
 55702 | Depths:2 | Received a gift from Okawaru
 55793 | Depths:3 | Received a gift from Okawaru
 55805 | Depths:3 | Got a heavily runed granite ring
 55806 | Depths:3 | Identified the ring "Hiruluut" {rElec MR+ AC+2 Int+2 Dex+2} (You acquired it on level 3 of the Depths)
 55823 | Depths:3 | Found a magical portal.
 55863 | WizLab   | Entered Wucad Mu's Monastery
 56124 | WizLab   | Reached XP level 26. HP: 185/240 MP: 34/41
 56279 | Depths:3 | Found a one-way gate leading to the halls of Pandemonium.
 56452 | Depths:3 | Received a gift from Okawaru
 56482 | Depths:3 | Noticed tof's ghost (veteran MiFi)
 57318 | Depths:3 | Killed tof's ghost
 57365 | Depths:3 | Found a sparkling altar of Nemelex Xobeh.
 57624 | Depths:4 | Found a gateway to a ziggurat.
 57676 | Depths:4 | Found a runed door.
 57961 | Depths:4 | Reached XP level 27. HP: 218/261 MP: 41/41
 58012 | Depths:4 | Received a gift from Okawaru
 58015 | Depths:4 | Upgraded the game from 0.20.0-10-g0535bb4 to 0.20.0-14-g326068f
 58128 | Zig:1    | Entered Level 1 of a ziggurat
 58150 | Zig:2    | Entered Level 2 of a ziggurat
 58150 | Zig:2    | Noticed a juggernaut
 58164 | Zig:2    | Killed a juggernaut
 58164 | Zig:2    | Received a gift from Okawaru
 58241 | Zig:3    | Entered Level 3 of a ziggurat
 58241 | Zig:3    | Noticed Naklary the pandemonium lord
 58268 | Zig:3    | Killed Naklary the pandemonium lord
 58348 | Zig:4    | Entered Level 4 of a ziggurat
 58418 | Zig:5    | Entered Level 5 of a ziggurat
 58427 | Zig:5    | Received a gift from Okawaru
 58590 | Zig:5    | Got a brightly glowing cloak
 58601 | Zig:5    | Identified the cursed +0 cloak of Nobuno {rElec MR+ Str+6} (You found it on level 5 of a ziggurat)
 58620 | Zig:6    | Entered Level 6 of a ziggurat
 58804 | Zig:7    | Entered Level 7 of a ziggurat
 58815 | Zig:7    | Noticed a juggernaut
 58830 | Zig:7    | Killed a juggernaut
 58860 | Zig:8    | Entered Level 8 of a ziggurat
 58914 | Zig:9    | Entered Level 9 of a ziggurat
 58949 | Zig:9    | Received a gift from Okawaru
 59044 | Zig:10   | Entered Level 10 of a ziggurat
 59058 | Zig:10   | Noticed a juggernaut
 59093 | Zig:10   | Killed a juggernaut
 59093 | Zig:10   | Received a gift from Okawaru
 59136 | Zig:11   | Entered Level 11 of a ziggurat
 59177 | Zig:11   | Received a gift from Okawaru
 59271 | Zig:11   | Identified the ring "Agigri" {rN++ MR- AC+2} (You found it on level 11 of a ziggurat)
 59284 | Zig:11   | Identified Fucefumpo's Reference Book on Ashen Intoxication
 59288 | Zig:12   | Entered Level 12 of a ziggurat
 59311 | Zig:12   | Noticed Iwkafiaq the pandemonium lord
 59311 | Zig:12   | Noticed Antiffe the pandemonium lord
 59349 | Zig:12   | Killed Antiffe the pandemonium lord
 59376 | Zig:12   | Killed Iwkafiaq the pandemonium lord
 59388 | Zig:12   | Received a gift from Okawaru
 59388 | Zig:12   | Reached skill level 15 in Throwing
 59399 | Zig:12   | Identified the +2 crystal plate armour of Impermeability {Regen+ Stlth+} (Okawaru gifted it to you on level 12 of a ziggurat)
 59507 | Zig:12   | Identified the Tome of Excruciating Flames
 59524 | Zig:13   | Entered Level 13 of a ziggurat
 59595 | Zig:13   | Noticed a greater mummy
 59604 | Zig:13   | Noticed a greater mummy
 59607 | Zig:13   | Noticed a greater mummy
 59977 | Depths:4 | Paralysed by a floating eye for 4 turns
 60414 | Depths:5 | Entered Level 5 of the Depths
 60807 | Depths:5 | Noticed a juggernaut
 60834 | Depths:5 | Killed a juggernaut
 61071 | Depths:5 | Found a gate to the Realm of Zot.
 61157 | Depths:5 | Reached skill level 22 in Invocations
 61974 | Zot:1    | Entered Level 1 of the Realm of Zot
 62014 | Zot:1    | Received a gift from Okawaru
 62167 | Zot:1    | Received a gift from Okawaru
 62459 | Zot:1    | Received a gift from Okawaru
 62776 | Zot:1    | Received a gift from Okawaru
 63017 | Zot:1    | Noticed an orb of fire
 63028 | Zot:1    | Gained mutation: You are occasionally teleported next to monsters. [an orb of fire]
 63032 | Zot:1    | Gained mutation: You are dopey. (Int -2) [an orb of fire]
 63039 | Zot:1    | Lost mutation: You have an increased reservoir of magic. (+10% MP) [an orb of fire]
 63043 | Zot:1    | Gained mutation: Your magical capacity is low. (-10% MP) [an orb of fire]
 63055 | Zot:1    | Killed an orb of fire
 63055 | Zot:1    | Received a gift from Okawaru
 63055 | Zot:1    | Reached skill level 23 in Invocations
 63258 | Zot:2    | Received a gift from Okawaru
 63816 | Zot:2    | Identified the +5 executioner's axe of the Realm of Zot {flame, rF+ MR+ SInv Stlth-} (You acquired it on level 2 of the Realm of Zot)
 64827 | Zot:3    | Received a gift from Okawaru
 64975 | Zot:3    | Reached skill level 24 in Invocations
 65746 | Zot:3    | Received a gift from Okawaru
 66146 | Zot:4    | Noticed xgamer67's ghost (master CeHu)
 66170 | Zot:4    | Killed xgamer67's ghost
 66242 | Zot:4    | Noticed an orb of fire
 66250 | Zot:4    | Gained mutation: You are clumsy. (Dex -2) [an orb of fire]
 66258 | Zot:4    | Gained mutation: You occasionally shout uncontrollably at your foes. [an orb of fire]
 66267 | Zot:4    | Killed an orb of fire
 67179 | Zot:4    | Received a gift from Okawaru
 67183 | Zot:5    | Entered Level 5 of the Realm of Zot
 67251 | Zot:5    | Received a gift from Okawaru
 67251 | Zot:5    | Reached skill level 25 in Invocations
 67573 | Zot:5    | Noticed an orb of fire
 67573 | Zot:5    | Noticed an orb of fire
 67573 | Zot:5    | Noticed an ancient lich
 67592 | Zot:5    | Gained mutation: You are very dopey. (Int -4) [an orb of fire]
 67851 | Zot:5    | Received a gift from Okawaru
 68273 | Zot:5    | Gained mutation: Armour fits poorly on your strangely shaped body. [an orb of fire]
 68291 | Zot:5    | Gained mutation: You are very clumsy. (Dex -4) [an orb of fire]
 68293 | Zot:5    | Killed an orb of fire
 68302 | Zot:5    | Gained mutation: You are frail. (-10% HP) [an orb of fire]
 68304 | Zot:5    | Killed an orb of fire
 68305 | Zot:5    | Killed an ancient lich
 68330 | Zot:5    | Received a gift from Okawaru
 68373 | Zot:5    | Reached skill level 26 in Invocations
 68402 | Zot:5    | Received a gift from Okawaru
 68574 | Zot:5    | Noticed an orb of fire
 68599 | Zot:5    | Gained mutation: You evolve. [an orb of fire]
 68603 | Zot:5    | Noticed an orb of fire
 68603 | Zot:5    | Killed an orb of fire
 68628 | Zot:5    | Noticed an orb of fire
 68628 | Zot:5    | Gained mutation: Your magical capacity is very low. (-20% MP) [an orb of fire]
 68630 | Zot:5    | Killed an orb of fire
 68634 | Zot:5    | Noticed an orb of fire
 68636 | Zot:5    | Gained mutation: Your magical capacity is extremely low. (-30% MP) [an orb of fire]
 68637 | Zot:5    | Noticed an orb of fire
 68984 | Zot:5    | Gained mutation: You are weak. (Str -2) [an orb of fire]
 68987 | Zot:5    | Lost mutation: Your magical capacity is extremely low. (-30% MP) [an orb of fire]
 69003 | Zot:5    | Gained mutation: You are very weak. (Str -4) [an orb of fire]
 69012 | Zot:5    | Gained mutation: Scrolls take you a little longer to read. [an orb of fire]
 69024 | Zot:5    | Gained mutation: You sometimes yell uncontrollably at your foes. [an orb of fire]
 69024 | Zot:5    | Gained mutation: Scrolls take you longer to read. [an orb of fire]
 69026 | Zot:5    | Killed an orb of fire
 69040 | Zot:5    | Killed an orb of fire
 69255 | Zot:5    | Noticed an ancient lich
 69284 | Zot:5    | Killed an ancient lich
 69284 | Zot:5    | Received a gift from Okawaru
 69612 | Zot:5    | Gained mutation: You frequently scream uncontrollably at your foes. [an orb of fire]
 69631 | Zot:5    | Killed an orb of fire
 69729 | Zot:5    | Got the Orb of Zot
 69782 | Zot:5    | Reached skill level 27 in Invocations
 69858 | Zot:3    | Noticed Zitix the pandemonium lord
 69881 | Zot:3    | Killed Zitix the pandemonium lord
 70055 | Depths:3 | Noticed Inydonam the pandemonium lord
 70088 | Depths:2 | Noticed Cugiobuh the pandemonium lord
 70115 | Depths:2 | Killed Cugiobuh the pandemonium lord
 70495 | D:$      | Escaped with the Orb!

Skill      XL: |  1  2  3  4  5  6  7  8  9 10 11 12 13 14 15 16 17 18 19 20 21 22 23 24 25 26 27 |
---------------+----------------------------------------------------------------------------------+-----
Axes           | 3 4 5 7 9 10 12 13 15 16 17 19 20 21 24 | 24.2
Fighting       | 4 5 6 7 8 9 10 12 14 15 16 18 19 20 24 25 | 25.9
Dodging        | 1 2 4 6 7 9 11 14 | 14.5
Armour         | 5 6 8 10 13 14 16 17 24 | 24.0
Shields        | 5 6 11 13 14 15 17 | 17.8
Invocations    | 2 6 9 12 13 15 17 19 21 27 | 27.0
Throwing       | 4 5 7 10 11 15 | 15.4
Evocations     | 6 9 |  9.7
Stealth        | 6 13 15 | 15.1

Action                   |  1- 3 |  4- 6 |  7- 9 | 10-12 | 13-15 | 16-18 | 19-21 | 22-24 | 25-27 || total
-------------------------+-------+-------+-------+-------+-------+-------+-------+-------+-------++-------
Melee: War axe           |    99 |   105 |   421 |  1139 |  1745 |  1295 |       |   126 |       ||  4930
       Kick              |       |       |     7 |       |       |       |       |       |       ||     7
       Morningstar       |       |       |       |       |    39 |       |       |       |       ||    39
       Broad axe         |       |       |       |       |       |   381 |  1324 |  1618 |  3293 ||  6616
Throw: Javelin           |       |       |       |     2 |    18 |    26 |     4 |     3 |    38 ||    91
Invok: Heroism           |       |       |       |     3 |    14 |    13 |     6 |    10 |    23 ||    69
       Finesse           |       |       |       |       |     5 |     8 |     4 |     6 |    14 ||    37
Evoke: Wand              |       |       |       |     4 |     2 |     6 |     1 |       |    15 ||    28
  Use: Scroll            |     9 |       |    11 |     5 |     8 |    24 |    12 |    19 |    43 ||   131
       Potion            |       |     1 |     4 |     6 |     2 |     6 |     6 |     6 |    19 ||    50
 Stab: Petrifying        |       |       |       |       |     4 |       |       |       |       ||     4
       Petrified         |       |       |       |       |     3 |       |       |       |       ||     3
       Distracted        |       |       |       |       |       |       |     1 |     6 |     5 ||    12
       Confused          |       |       |       |       |       |       |       |     3 |       ||     3
       Invisible         |       |       |       |       |       |       |       |       |    35 ||    35
  Eat: Chunk             |     1 |     3 |    10 |    21 |    20 |    15 |     4 |    16 |     3 ||    93
       Fruit             |       |       |     3 |     5 |     2 |     2 |     3 |     1 |     4 ||    20
       Royal jelly       |       |       |     1 |     2 |     7 |    10 |     1 |     3 |     8 ||    32
       Bread ration      |       |       |       |       |       |     1 |     1 |     4 |     2 ||     8
       Meat ration       |       |       |       |       |       |       |     2 |       |     7 ||     9
Armor: Scale mail        |    56 |    64 |    58 |       |       |       |       |       |       ||   178
       Chain mail        |       |       |    93 |       |       |       |       |       |       ||    93
       Gold dragon scale |       |       |    15 |   737 |   171 |       |       |       |       ||   923
       Plate armour      |       |       |       |       |   521 |   672 |   317 |   430 |   242 ||  2182
       Crystal plate arm |       |       |       |       |       |       |       |       |   377 ||   377
Dodge: Dodged            |    36 |    51 |    90 |   185 |   384 |   428 |   296 |   617 |   917 ||  3004
Block: Shield            |    41 |    71 |   254 |   491 |       |       |       |       |       ||   857
       Buckler           |       |       |       |   267 |   425 |       |       |       |       ||   692
       Large shield      |       |       |       |       |   911 |  2361 |  1573 |  2352 |  4145 || 11342
       Reflection        |       |       |       |       |       |    45 |   126 |   102 |    95 ||   368
